 Dungeon Crawl Stone Soup version 0.22-a0-322-g60b3cfd (webtiles) character file.

12 Kairos the Covered (level 2, 23/25 HPs)
             Began as a Barachi Fighter on Apr 5, 2018.
             Got out of the dungeon alive.
             The game lasted 00:00:46 (781 turns).

Kairos the Covered (Barachi Fighter)                 Turns: 781, Time: 00:00:47

Health: 23/25      AC: 11    Str: 17    XL:     2   Next: 33%
Magic:  2/2        EV:  7    Int:  8    God:
Gold:   50         SH:  9    Dex: 11    Spells: 1/1 levels left

rFire    . . .     SeeInvis .   a - +0 flail
rCold    . . .     Gourm    .   c - +0 shield
rNeg     . . .     Faith    .   b - +0 scale mail
rPois    .         Spirit   .   l - +0 helmet
rElec    .         Reflect  .   (no cloak)
rCorr    .         Harm     .   (no gloves)
MR       .....                  k - +2 pair of boots
Stlth    ..........             (no amulet)
HPRegen  0.08/turn              m - ring of loudness (curse)
MPRegen  0.08/turn              (no ring)

@: slow
A: +LOS, swims, slowness 1, strong legs 1
a: Hop


You escaped.
You were not hungry.

You visited 1 branch of the dungeon, and saw 1 of its levels.

You collected 50 gold pieces.

Inventory:

Hand Weapons
 a - a +0 flail (weapon)
Armour
 b - a +0 scale mail (worn)
 c - a +0 shield (worn)
 k - a +2 pair of boots (worn)
 l - a +0 helmet (worn)
Jewellery
 m - a cursed ring of loudness (left hand)
Scrolls
 e - a scroll of enchant armour {unknown}
 h - a scroll of magic mapping {unknown}
 j - a scroll of identify {unknown}
 n - 3 scrolls of remove curse {unknown}
Potions
 d - a potion of might
 g - a potion of ambrosia {unknown}
 i - a potion of curing {unknown}
Comestibles
 f - 2 rations


   Skills:
 + Level 3.9 Fighting
 + Level 2.2 Maces & Flails
 + Level 4.0 Armour
 + Level 3.5 Shields


You had one spell level left.
You didn't know any spells.

Dungeon Overview and Level Annotations

Branches:
Dungeon (1/15)

Altars:


Innate Abilities, Weirdness & Mutations

Shadows flee at your approach. (+LOS)
You can swim through water.
You cover ground slowly.
You can hop short distances.


Message History

You hit the hobgoblin.
The hobgoblin is moderately wounded.
The hobgoblin hits you but does no damage.
The hobgoblin completely misses you.
You thump the hobgoblin!
You kill the hobgoblin!
No target in view!
Done exploring.
No target in view!
Done exploring.
Done exploring.
No target in view!
No target in view!
Done exploring.
Oops, that ring feels deathly cold.
m - a cursed ring of loudness (left hand)
There is an open door here.
There is a staircase leading out of the dungeon here.
Are you sure you want to leave the Dungeon?
This will make you lose the game!
You have escaped!

.).....'........#
#.....##..
.......##########
#######... .......# ####
#.....# .......# #♣♣..♣♣
#.##... .......#
###.....♣♣## #....#.
.......# #.)......♣≈♣
###.... .......#
##..♣#'#..≈≈♣♣ #.#..
######## #..♣##.##)≈≈≈♣
#.... ♣♣♣♣#..@#.≈≈≈♣#
###.. ######[..#≈≈≈≈≈#
#..
#....'..##≈88≈≈########.(
#..######.≈.≈≈≈#......###
#'##♣.....≈≈≈≈≈#.##......
#..#♣......≈≈≈♣#.##.#....
#..#..#'###≈≈≈♣#.##.#####
#..#..#.#<#≈≈≈♣#..#.####.
####..#.#+#≈≈♣♣##.#.(....


There were no monsters in sight!

Vanquished Creatures
  A ball python (D:1)
  3 bats (D:1)
  A goblin (D:1)
  3 hobgoblins (D:1)
  2 frilled lizards (D:1)
  A kobold (D:1)
  A rat (D:1)
12 creatures vanquished.

Notes
Turn   | Place    | Note
-------+----------+-------------------------------------------
     0 | D:1      | Kairos the Barachi Fighter began the quest for the Orb.
     0 | D:1      | Reached XP level 1. HP: 18/18 MP: 1/1
   134 | D:1      | Reached XP level 2. HP: 20/25 MP: 2/2
   676 | D:1      | Reached skill level 4 in Armour
   781 | D:$      | Got out of the dungeon alive.

Vault maps used:
D:1:      sevenhm_arrival_forest_fort_small_5

Skill      XL: |  1  2 |
---------------+-------+-----
Armour         | 4 |  4.0
Fighting       | |  3.9
Maces & Flails | |  2.2
Shields        | |  3.5

Action                   || total
-------------------------++-------
Melee: Flail             ||    35
Armor: Scale mail        ||    19
Dodge: Dodged            ||    21
Block: Shield            ||    17

Table legend:
 A = Spawn XP
 B = Non-spawn XP
 C = Spawn XP percentage of total XP
 D = Spawn monster count
 E = Non-spawn monster count
 F = Spawn count percentage of total count
 G = Total turns spent on level
                    A         B        C        D         E        F      G
               +---------+---------+-------+---------+---------+-------+---------
         Total |       0 |      18 |   0.0 |       0 |      12 |   0.0 |   781
               +---------+---------+-------+---------+---------+-------+---------
           D:1 |       0 |      18 |   0.0 |       0 |      12 |   0.0 |   781
               +---------+---------+-------+---------+---------+-------+---------
